 Dungeon Crawl Stone Soup version 0.31-a0-204-g7da18cac08 (webtiles) character file.

Game seed: 6843156692347079799

255 qw the Skirmisher (level 5, -1/30 HPs)
             Began as a Deep Elf Hunter on June 27, 2023.
             Slain by an orc
             ... wielding a +0 trident
              (5 damage)
             ... on level 3 of the Dungeon.
             The game lasted 00:00:45 (1595 turns).

qw the Skirmisher (Deep Elf Hunter)                 Turns: 1595, Time: 00:00:45

Health: -1/30      AC: 10    Str:  9 (10) XL:     5   Next: 91%
Magic:  7/7        EV: 10    Int: 11 (14) God:
Gold:   135        SH:  0    Dex: 16 (18) Spells: 4/4 levels left

rFire   . . .        Y - +0 shortbow
rCold   . . .        (shield currently unavailable)
rNeg    . . .        k - +0 ring mail
rPois   .            e - +0 helmet
rElec   .            (no cloak)
rCorr   .            (no gloves)
SInv    .            (no boots)
Will    .....        (no amulet)
Stlth   +            c - +4 ring of protection
HPRegen 0.25/turn    (no ring)
MPRegen 0.10/turn

%: no passive effects
@: no status effects
A: no striking features
a: no special abilities


You were on level 3 of the Dungeon.
You visited 1 branch of the dungeon, and saw 3 of its levels.

You collected 135 gold pieces.


   Skills:
 - Level 2.0 Fighting
 + Level 9.3 Ranged Weapons
 - Level 2.4 Dodging
 - Level 1.2 Stealth


You had 4 spell levels left.
You didn't know any spells.
Your spell library was empty.

Inventory:

Hand Weapons
 Y - a +0 shortbow (weapon)
Armour
 e - a +0 helmet (worn)
 k - a +0 ring mail (worn)
Jewellery
 c - a +4 ring of protection (left hand)
 d - a ring of ice
Scrolls
 f - a scroll of identify
Potions
 a - a potion of mutation {unknown}
 b - a potion of might {unknown}
 g - a potion of enlightenment

Dungeon Overview and Level Annotations

Branches:
Dungeon (3/15)

Altars:


Message History

Terence is severely wounded.
Terence closely misses you. The adder bites you but does no damage.
The orc hits you but does no damage.
You shoot an arrow. The arrow barely misses Terence.
The arrow closely misses the orc.
The arrow barely misses the orc.
The adder barely misses you. The orc closely misses you.
Terence hits you but does no damage. The adder misses you.
You shoot an arrow. The arrow hits Terence.
Terence is almost dead.
Terence closely misses you. The orc barely misses you.
The adder bites you but does no damage.
You shoot an arrow. The arrow closely misses Terence.
The arrow barely misses the orc.
The arrow closely misses the orc.
The adder bites you but does no damage. Terence hits you but does no damage.
The orc hits you but does no damage. The adder closely misses you.
You shoot an arrow.
The arrow hits Terence but does no damage.
Terence is almost dead.
Terence closely misses you. The orc hits you but does no damage.
The adder bites you but does no damage.
The orc hits you from afar with a +0 trident.
Terence hits you but does no damage.
You shoot an arrow. The arrow hits Terence.
You kill Terence!
The adder bites you but does no damage.
The orc hits you from afar with a +0 trident.
The adder bites you but does no damage.
You feel your strength returning.
You shoot an arrow. The arrow closely misses the adder.
The adder barely misses you. The orc closely misses you.
The orc barely misses you.
You shoot an arrow. The arrow hits the adder!
The adder is severely wounded.
The adder closely misses you. The orc barely misses you.
The orc hits you but does no damage.
The orc hits you from afar with a +0 trident.
You shoot an arrow. The arrow closely misses the adder.
The adder bites you but does no damage.
The orc hits you from afar with a +0 trident.
You die...

#.#..#..######## #.
#.#..........# #.
#.#.#........# ##
#.#.+........#
#.#.#........######
#..................
###.###############
##'## #@..# #oS.#
########### #oo.#
#.(........ #...#
#....[##### ....#
#.....# .....#
#.....# ..# ).....#
#.....# ..#
.....### #.....#
..# ## . ..>)..
#.....#


You could see an adder and 3 orcs.

Vanquished Creatures
  Sigmund (D:2)
  Terence (D:3)
  An adder (D:3)
  A dart slug (D:1)
  2 orcs (D:3)
  3 ball pythons (D:2)
  A bat (D:2)
  3 endoplasms
  3 giant cockroaches
  4 hobgoblins
  11 jackals
  2 quokkas
  A frilled lizard (D:1)
  4 goblins
  2 kobolds (D:1)
  16 rats
56 creatures vanquished.

Notes
Turn   | Place    | Note
-------+----------+-------------------------------------------
     0 | D:1      | qw the Deep Elf Hunter began the quest for the Orb.
     0 | D:1      | Reached XP level 1. HP: 12/12 MP: 3/3
     0 | D:1      | 0 ||| qw: Version: 0.3-a-22-g0ed2b0b
     0 | D:1      | 0 ||| qw: Game counter: 6509
     0 | D:1      | 0 ||| qw: Melee chars always use a shield: true
     0 | D:1      | 0 ||| qw: God list: Okawaru
     0 | D:1      | 0 ||| qw: Allow faded altars: false
     0 | D:1      | 0 ||| qw: Do Orc after clearing Dungeon:15 true
     0 | D:1      | 0 ||| qw: Do second Lair branch before Depths: true
     0 | D:1      | 0 ||| qw: Lair rune preference: random
     0 | D:1      | 0 ||| qw: Goals: Normal
     0 | D:1      | 0 ||| PLANNING D:1-11
   198 | D:1      | Reached XP level 2. HP: 12/16 MP: 4/4
   200 | D:1      | Reached skill level 6 in Ranged Weapons
   582 | D:1      | Reached XP level 3. HP: 20/20 MP: 5/5
   813 | D:1      | 813 ||| UPGRADING to +0 helmet.
   818 | D:1      | 818 ||| UPGRADING to +0 scale mail.
   828 | D:1      | 828 ||| DROPPING +0 leather armour.
   829 | D:1      | 829 ||| UPGRADING to +0 ring mail.
   839 | D:1      | 839 ||| DROPPING +0 scale mail.
   840 | D:1      | 840 ||| READING scroll labelled NAINU OTEMY.
   841 | D:1      | 841 ||| READING scroll labelled LOGOES JIQAXAH.
   845 | D:1      | 845 ||| DRINKING 2 puce potions.
   846 | D:1      | 846 ||| DROPPING scroll of butterflies.
   968 | D:2      | Noticed Sigmund
   976 | D:2      | Killed Sigmund
   977 | D:2      | Reached skill level 9 in Ranged Weapons
   977 | D:2      | Reached XP level 4. HP: 25/25 MP: 6/6
   977 | D:2      | Reached XP level 5. HP: 29/29 MP: 7/7
  1275 | D:2      | 1275 ||| UPGRADING to +4 ring of protection.
  1276 | D:2      | 1276 ||| DRINKING 2 smoky emerald potions.
  1305 | D:2      | 1305 ||| DRINKING 3 grey potions.
  1306 | D:2      | 1306 ||| DROPPING potion of lignification.
  1307 | D:2      | 1307 ||| DROPPING 2 potions of degeneration.
  1347 | D:3      | Noticed Terence
  1366 | D:3      | HP: 6/30 [Terence/+0 mace (5)]
  1367 | D:3      | 1367 ||| READING scroll of teleportation.
  1571 | D:3      | 1571 ||| Stepping ~*~*~tactically~*~*~ (outnumbered).
  1592 | D:3      | Killed Terence
  1592 | D:3      | HP: 6/30 [orc/+0 trident (3)]
  1595 | D:3      | Slain by an orc

Levels and vault maps discovered:
D:1:      amcnicky_arrival_wind_blow, layout_basic, serial_bayou_pond_a,
          kennysheep_small_spiral, minmay_rat_gold_closets
D:2:      layout_rooms, uniq_sigmund
D:3:      layout_basic, chequers_temple_overflow_statue_of_worship, uniq_terence

Skill      XL: |  1  2  3  4  5 |
---------------+----------------+-----
Ranged Weapons | 6 9 |  9.3
Fighting       | 2 |  2.0
Dodging        | |  2.4
Stealth        | |  1.2

Action                     |  1- 3 |  4- 6 || total
---------------------------+-------+-------++-------
   Fire: Shortbow          |   101 |    93 ||   194
    Use: Scroll            |     2 |     1 ||     3
         Potion            |     1 |     2 ||     3
 Armour: Leather armour    |     6 |       ||     6
         Ring mail         |     1 |    42 ||    43
  Dodge: Dodged            |    15 |    55 ||    70

Table legend:
 A = Non-vault XP
 B = Vault XP
 C = Vault XP percentage of total XP
 D = Non-vault monster count
 E = Vault monster count
 F = Vault count percentage of total count
                 A         B        C        D         E       F
            +---------+---------+-------+---------+---------+-------
      Total |      94 |     271 |  74.2 |      45 |      11 |  19.6
            +---------+---------+-------+---------+---------+-------
        D:1 |      38 |       9 |  19.1 |      22 |       9 |  29.0
        D:2 |      31 |     226 |  87.9 |      16 |       1 |   5.9
        D:3 |      25 |      36 |  59.0 |       7 |       1 |  12.5
            +---------+---------+-------+---------+---------+-------
